 Dungeon Crawl Stone Soup version 0.28-a0-46-g7b1be97da7 (webtiles) character file.

Game seed: 7997269729156101647

382 Conn the Firebug (level 6, -11/37 HPs)
             Began as an Octopode Fire Elementalist on July 29, 2021.
             Splashed by a hobgoblin's acid (13 damage)
             ... on level 4 of the Dungeon.
             The game lasted 00:09:09 (5039 turns).

Conn the Firebug (Octopode Fire Elementalist)       Turns: 5039, Time: 00:09:15

Health: -11/37     AC:  1    Str:  7    XL:     6   Next: 76%
Magic:  9/10       EV: 13    Int: 20    God:
Gold:   205        SH:  0    Dex: 12    Spells: 10/11 levels left

rFire   . . .      SeeInvis .   d - +3 dagger
rCold   . . .      Faith    .   (no shield)
rNeg    . . .      Spirit   .   (helmet restricted)
rPois   .          Reflect  .   (no amulet)
rElec   .          Harm     .   (no ring)
rCorr   .          Rampage  .   (no ring)
Will    .....                   (no ring)
Stlth   +++.......              (no ring)
HPRegen 0.12/turn               (no ring)
MPRegen 0.12/turn               (no ring)
                                (no ring)
                                (no ring)

@: no status effects
A: almost no armour, amphibious, 8 rings, camouflage 1, gelatinous body 1,
(nimble swimmer 1), tentacles
a: no special abilities


You were on level 4 of the Dungeon.
You visited 1 branch of the dungeon, and saw 4 of its levels.

You collected 205 gold pieces.

Inventory:

Hand Weapons
 d - a +3 dagger (weapon)
Missiles
 g - 9 poisoned darts
Armour
 n - a +0 buckler
Jewellery
 m - an amulet of faith
Wands
 a - a wand of mindburst (5)
 o - a wand of flame (26)
Scrolls
 i - 2 scrolls of identify {unknown}
 k - 2 scrolls of enchant armour
 q - a scroll of vulnerability {unknown}
 r - a scroll of blinking {unknown}
 s - a scroll of teleportation {unknown}
Potions
 b - a potion of mutation {unknown}
 c - a potion of brilliance {unknown}
 e - a potion of resistance {unknown}
 f - a potion of cancellation {unknown}
 h - 2 potions of degeneration {unknown}
 j - a potion of haste {unknown}
 l - a potion of might {unknown}


   Skills:
 + Level 0.4 Fighting
 + Level 1.3 Short Blades
 + Level 2.1 Dodging
 + Level 3.7 Stealth
 + Level 3.0 Spellcasting
 * Level 3.3 Conjurations
 * Level 5.2 Fire Magic
 + Level 0.1 Evocations


You had 10 spell levels left.
You knew the following spells:

 Your Spells              Type           Power      Damage    Failure   Level
a - Foxfire               Conj/Fire      80%        2x1d8     2%          1

Your spell library contained the following spells:

 Spells                   Type           Power      Damage    Failure   Level
 Conjure Flame            Conj/Fire      20%        6-21      8%          3
 Inner Flame              Hex/Fire       13%        N/A       14%         3
 Blink                    Tloc           N/A        N/A       22%         2
 Sticky Flame             Conj/Fire      20%        2d4       24%         4
 Fireball                 Conj/Fire      10%        3d6       56%         5
 Manifold Assault         Tloc           3%         N/A       98%         5
 Storm Form               Tmut/Air       1%         N/A       100%        7


Dungeon Overview and Level Annotations

Branches:
Dungeon (4/15)
 Temple: D:4-7

Altars:


Innate Abilities, Weirdness & Mutations

You cannot wear most types of armour.
You are amphibious.
You can wear up to eight rings at the same time.
Your skin changes colour to match your surroundings (Stealth+).
Your rubbery body absorbs attacks. (AC +1, EV +1)
((You are camouflaged near water. (Stealth+)))
You have tentacles for arms and can constrict up to eight enemies at once.


Message History

Casting: Foxfire (safe; 2% risk of failure)
Confirm with . or Enter, or press ? or * to list all spells.
You conjure some foxfire!
Unknown command.
Casting: Foxfire (safe; 2% risk of failure)
Confirm with . or Enter, or press ? or * to list all spells.
You conjure some foxfire!
Unknown command.
The foxfire hits the adder.
The adder is moderately wounded.
The foxfire hits the adder.
The adder is severely wounded.
Casting: Foxfire (safe; 2% risk of failure)
Confirm with . or Enter, or press ? or * to list all spells.
You conjure some foxfire!
Your foxfire dissipates!
The foxfire hits the adder.
You kill the adder!
Unknown command.
You start resting.
Your foxfire dissipates! x2
You start resting.
Magic restored.
You see here a hobgoblin corpse.
Found a falchion.
There is a large open door here.
Casting: Foxfire (safe; 2% risk of failure)
Confirm with . or Enter, or press ? or * to list all spells.
You conjure some foxfire!
The hobgoblin shouts!
The hobgoblin zaps a wand.
The bolt of acid hits you!
You are splashed with acid!
The bolt of acid misses your foxfire.
Unknown command.
Your foxfire dissipates!
The foxfire hits the hobgoblin.
The hobgoblin is moderately wounded.
The hobgoblin zaps a wand.
The bolt of acid hits you!
* * * LOW HITPOINT WARNING * * *
You are splashed with acid!
You die...

####### ≈≈≈≈≈≈≈ ......≈
############ .≈..≈.≈###
##...........
..$$...'§####...#######.#
.......§@†.........###.##
)≈..≈.§######...##.##.##
....g[≈ ##.#.....##
≈≈≈≈≈≈≈ #.#.#.##.##
####### #.#.#.....##
#####.#.######.#
#.......# ##. #.###.###
#. #.# #.# #.


You could see a hobgoblin.

Vanquished Creatures
  Sigmund (D:4)
  A hound (D:4)
  Natasha (thrice) (D:4)
  3 gnolls (D:2)
  2 adders
  A worm (D:4)
  A dart slug (D:1)
  An orc (D:3)
  3 ball pythons
  11 endoplasms
  A giant cockroach (D:3)
  6 goblins
  6 hobgoblins
  8 jackals
  2 kobolds (D:1)
  3 quokkas
  3 bats
  2 frilled lizards
  6 rats
64 creatures vanquished.

Vanquished Creatures (others)
  200 foxfires
200 creatures vanquished.

Grand Total: 264 creatures vanquished

Notes
Turn   | Place    | Note
-------+----------+-------------------------------------------
     0 | D:1      | Conn the Octopode Fire Elementalist began the quest for the
                  | Orb.
     0 | D:1      | Reached XP level 1. HP: 11/11 MP: 3/3
   230 | D:1      | Reached XP level 2. HP: 17/17 MP: 0/5
   890 | D:1      | Found a faded altar of an unknown god.
  1227 | D:2      | Reached XP level 3. HP: 21/21 MP: 2/6
  1581 | D:2      | Reached skill level 4 in Fire Magic
  1948 | D:2      | Reached XP level 4. HP: 27/27 MP: 3/7
  3490 | D:4      | Noticed Natasha
  3497 | D:4      | Killed Natasha
  3498 | D:4      | Reached XP level 5. HP: 31/31 MP: 4/8
  3677 | D:4      | Noticed Natasha
  3704 | D:4      | Killed Natasha
  4104 | D:4      | Noticed Natasha
  4108 | D:4      | Killed Natasha
  4263 | D:4      | Reached skill level 1 in Short Blades
  4311 | D:4      | Noticed Sigmund
  4326 | D:4      | Killed Sigmund
  4327 | D:4      | Reached skill level 5 in Fire Magic
  4327 | D:4      | Reached XP level 6. HP: 23/37 MP: 5/10
  5039 | D:4      | Splashed by a hobgoblin's acid

Illustrated notes

Levels and vault maps discovered:
D:1:      lemuel_arrival_tunnels, layout_loops_cross,
          hellmonk_ecumenical_altar_inner_sanctum
D:2:      layout_basic, st_stairs_10, due_unseen_surprise
D:3:      layout_basic
D:4:      layout_loops_ring, kennysheep_generic_room_5, uniq_sigmund,
          uniq_natasha

Skill      XL: |  1  2  3  4  5 |
---------------+----------------+-----
Fire Magic     | 4 5 |  5.2
Stealth        | 3 |  3.7
Conjurations   | 2 3 |  3.3
Short Blades   | 1 |  1.3
Spellcasting   | 3 |  3.0
Fighting       | |  0.4
Dodging        | |  2.1
Evocations     | |  0.1

Action                   |  1- 3 |  4- 6 || total
-------------------------+-------+-------++-------
Melee: Dagger            |    18 |    31 ||    49
       Constrict         |    10 |     6 ||    16
       Tentacles         |     8 |     4 ||    12
 Cast: Foxfire           |    49 |    74 ||   123
Evoke: Wand              |       |     1 ||     1
  Use: Scroll            |       |     9 ||     9
 Stab: Sleeping          |     1 |     3 ||     4
Armor: Skin              |     2 |     3 ||     5
Dodge: Dodged            |    13 |    20 ||    33

Table legend: (Time is in decaauts)
 A = Elapsed time spent in this place.
 B = Non-inter-level travel time spent in this place.
 C = Inter-level travel time spent in this place.
 D = Time resting spent in this place.
 E = Time spent auto-exploring this place.
 F = Levels seen in this place.
 G = Mean time per level.
                   A        B        C        D        E       F      G
               +--------+--------+--------+--------+--------+-----+--------+
         Total |   5038 |   4865 |    173 |    378 |   3659 |   4 | 1259.5 |
       Dungeon |   5038 |   4865 |    173 |    378 |   3659 |   4 | 1259.5 |
               +--------+--------+--------+--------+--------+-----+--------+

Top non-repeatable levels by time:
     D:4: 1438 daAuts
     D:1: 1289 daAuts
     D:3: 1205 daAuts
     D:2: 1106 daAuts
